 Dungeon Crawl Stone Soup version 0.28-a0-723-g095bd1b44f (webtiles) character file.

Game seed: 17025751293634610658

648 bande the Chopper (level 7, -7/44 HPs)
             Began as a Gargoyle Fighter on Oct 25, 2021.
             Mangled by an ogre (9 damage)
             ... on level 5 of the Dungeon.
             The game lasted 00:06:19 (4557 turns).

bande the Chopper (Gargoyle Fighter)                Turns: 4557, Time: 00:06:20

Health: -7/44      AC: 12    Str: 23    XL:     7   Next: 53%
Magic:  0/7        EV:  9    Int: 10    God:
Gold:   182        SH:  4    Dex: 10    Spells: 6/6 levels left

rFire   . . .      SeeInvis .   a - +0 war axe
rCold   . . .      Faith    .   c - +0 buckler
rNeg    + . .      Spirit   +   b - +0 scale mail
rPois   ∞          Reflect  .   (no helmet)
rElec   +          Harm     .   (no cloak)
rCorr   .          Rampage  .   (no gloves)
Will    .....                   (no boots)
Stlth   ..........              g - amulet of guardian spirit
HPRegen 0.14/turn               (no ring)
MPRegen 0.10/turn               (no ring)

@: no status effects
A: sickness immunity, AC +4, negative energy resistance 1, electricity
resistance, torment resistance 1, petrification resistance, clever 1, strong 1
a: no special abilities


You were on level 5 of the Dungeon.
You visited 1 branch of the dungeon, and saw 6 of its levels.

You collected 182 gold pieces.

Inventory:

Hand Weapons
 a - a +0 war axe (weapon)
Armour
 b - a +0 scale mail (worn)
 c - a +0 buckler (worn)
 i - a +0 kite shield
Jewellery
 e - a ring of wizardry
 g - an amulet of guardian spirit (around neck)
 j - a ring of positive energy
Wands
 h - a wand of flame (14)
Potions
 d - a potion of might
 f - a potion of brilliance {unknown}
 k - a potion of mutation


   Skills:
 + Level 4.5 Fighting
 + Level 5.5 Axes
 + Level 5.3 Armour
 + Level 4.3 Shields


You had 6 spell levels left.
You didn't know any spells.
Your spell library contained the following spells:

 Spells                   Type           Power      Damage    Failure   Level
 Shock                    Conj/Air       0%         1d3       65%         1
 Sting                    Tmut/Pois      0%         1d3       65%         1
 Poisonous Vapours        Pois/Air       0%         N/A       80%         2
 Swiftness                Air            0%         N/A       95%         3
 Airstrike                Air            0%         N/A       100%        4
 Olgreb's Toxic Radiance  Pois           0%         N/A       100%        4


Dungeon Overview and Level Annotations

Branches:
Dungeon (6/15)
 Temple: D:4-7

Altars:

Shops:
D:3 (=[[


Innate Abilities, Weirdness & Mutations

You are immune to sickness and miasma.
Your stone body is resilient. (AC +4)
You are immune to poison.
You resist negative energy. (rN+)
You are resistant to electric shocks. (rElec)
You are resistant to unholy torment.
You are immune to petrification.
Your mind is acute. (Int +2)
Your muscles are strong. (Str +2)


Message History

You block the hound's attack. The hound bites you but does no damage.
You closely miss the hound.
The hound is almost dead.
The hound completely misses you. The hound bites you but does no damage.
You closely miss the hound.
The hound is almost dead.
You block the hound's attack.
You closely miss the hound.
The hound is almost dead.
The hound bites you. The hound bites you but does no damage.
You slash the hound!
You kill the hound!
There is a stone staircase leading up here.
HP restored.
You climb upwards.
There is a stone staircase leading down here.
You now have 182 gold pieces (gained 16).
An ogre comes into view. It is wielding a +0 giant club.
The ogre shouts!
An adder comes into view.
The adder hisses angrily.
The ogre hits you with a +0 giant club.
You slash the ogre!
The ogre is moderately wounded.
You block the ogre's attack.
You closely miss the ogre.
The ogre is moderately wounded.
You block the ogre's attack.
You hit the ogre.
The ogre is heavily wounded.
The ogre hits you with a +0 giant club!
You barely miss the ogre.
The ogre is heavily wounded.
The ogre hits you with a +0 giant club!!
Ouch! That really hurt!
* * * LOW HITPOINT WARNING * * *
You slash the ogre!
The ogre is severely wounded.
The ogre hits you with a +0 giant club!
You die...

###########
#..@OS.....
#.###.#.###
#.###.#
#.##..
#.##.# #
#.##.##.#
#.......#
####.####
#.#.##


You could see an ogre and an adder.

Vanquished Creatures
  Grinder (D:3)
  Menkaure (D:4)
  The ghost of SmokeWeed the Slasher, an amateur DsGl (D:3)
  A scorpion (D:2)
  An orc priest (D:4)
  A hound (D:6)
  Ijyb (D:4)
  5 adders
  An ufetubus (D:4)
  2 worms
  4 dart slugs
  3 orcs (D:4)
  8 ball pythons
  8 bats
  4 endoplasms
  A goblin (D:1)
  3 hobgoblins
  2 quokkas
  5 frilled lizards
  6 kobolds
  6 rats
65 creatures vanquished.

Notes
Turn   | Place    | Note
-------+----------+-------------------------------------------
     0 | D:1      | bande the Gargoyle Fighter began the quest for the Orb.
     0 | D:1      | Reached XP level 1. HP: 14/14 MP: 1/1
   347 | D:1      | Reached XP level 2. HP: 11/19 MP: 2/2
  1150 | D:1      | Found a faded altar of an unknown god.
  1208 | D:1      | Reached XP level 3. HP: 23/23 MP: 3/3
  1727 | D:2      | Noticed a scorpion
  1736 | D:2      | Killed a scorpion
  1737 | D:2      | Reached XP level 4. HP: 24/29 MP: 2/4
  2154 | D:2      | Reached XP level 5. HP: 33/33 MP: 5/5
  2627 | D:3      | Found Woonn's Antique Armour Shop.
  2729 | D:3      | Found Sierebli's Magic Scroll Shoppe.
  2824 | D:3      | Found Sucok's Weapon Emporium.
  3106 | D:3      | Found Uxapatoj's Jewellery Shop.
  3202 | D:3      | Found Xaebroch's Armour Emporium.
  3206 | D:3      | Noticed Grinder
  3217 | D:3      | Paralysed by Grinder for 7 turns
  3235 | D:3      | Gained mutation: Your mind is acute. (Int +2) [potion of
                  | mutation]
  3235 | D:3      | Gained mutation: Your muscles are strong. (Str +2) [potion
                  | of mutation]
  3238 | D:3      | Killed Grinder
  3239 | D:3      | Reached XP level 6. HP: 18/38 MP: 2/6
  3758 | D:3      | Found a runed translucent door.
  3760 | D:3      | Noticed SmokeWeed's ghost (amateur DsGl)
  3781 | D:3      | Killed SmokeWeed's ghost
  3782 | D:3      | Reached skill level 5 in Armour
  3956 | D:4      | Noticed Ijyb
  3962 | D:4      | Killed Ijyb
  3963 | D:4      | Reached XP level 7. HP: 41/44 MP: 7/7
  4105 | D:4      | Reached skill level 5 in Axes
  4373 | D:4      | Noticed Menkaure
  4387 | D:4      | Killed Menkaure
  4502 | D:4      | You fall into a shaft and drop 2 floors!
  4529 | D:5      | Entered Level 5 of the Dungeon
  4556 | D:5      | HP: 2/44 [ogre (23)]
  4557 | D:5      | Mangled by an ogre

Illustrated notes

Levels and vault maps discovered:
D:1:      erik_arrival_cave_to_civilisation [erik_arrival_cave_to_temple],
          layout_loops_ring, basic_ecumenical_altar, minmay_stone_trees_medium,
          fountainhead, minmay_misc_feat_more_columns, chequers_jeans
D:2:      layout_loops_cross
D:3:      layout_basic, ebering_ghost_sewer_d, serial_shops,
          nicolae_shop_statue_plus, shop, shop, shop, nicolae_shop_waterfront,
          uniq_grinder
D:4:      minmay_octagon_keep, layout_basic, fedhas_altar_fruit_tree,
          hangedman_abyss_or_decor_stagger, minmay_misc_feat_encased,
          corexii_checkpoint_b, uniq_ijyb, uniq_menkaure
D:5:      layout_loops_cross, nicolae_wu_jian_immortal_techniques,
          minmay_temple_entry_fiery
D:6:      layout_gridville, bloody_trog, chequers_decorated_corner, uniq_maggie

Skill      XL: |  1  2  3  4  5  6  7 |
---------------+----------------------+-----
Axes           | 2 3 4 5 |  5.5
Armour         | 4 5 |  5.3
Fighting       | 4 |  4.5
Shields        | 4 |  4.3

Action                   |  1- 3 |  4- 6 |  7- 9 || total
-------------------------+-------+-------+-------++-------
Melee: War axe           |    93 |   101 |    51 ||   245
  Use: Scroll            |     2 |     2 |       ||     4
       Potion            |       |     2 |       ||     2
Armor: Scale mail        |    64 |    47 |    17 ||   128
Dodge: Dodged            |    48 |    49 |    25 ||   122
Block: Buckler           |    27 |    24 |    19 ||    70

Table legend: (Time is in decaauts)
 A = Elapsed time spent in this place.
 B = Non-inter-level travel time spent in this place.
 C = Inter-level travel time spent in this place.
 D = Time resting spent in this place.
 E = Time spent auto-exploring this place.
 F = Levels seen in this place.
 G = Mean time per level.
                   A        B        C        D        E       F      G
               +--------+--------+--------+--------+--------+-----+--------+
         Total |   4647 |   4609 |     38 |    924 |   2850 |   6 |  774.5 |
       Dungeon |   4647 |   4609 |     38 |    924 |   2850 |   6 |  774.5 |
               +--------+--------+--------+--------+--------+-----+--------+

Top non-repeatable levels by time:
     D:1: 1672 daAuts
     D:3: 1378 daAuts
     D:2: 964 daAuts
     D:4: 573 daAuts
     D:6: 30 daAuts
     D:5: 28 daAuts
